 Dungeon Crawl Stone Soup version 0.20.1-1-g8b1a95d (webtiles) character file.

57 polve the Changer (level 4, -3/32 HPs)
             Began as a Merfolk Transmuter on Aug 15, 2017.
             Slain by a gnoll (8 damage)
             ... on level 1 of the Dungeon.
             The game lasted 00:01:35 (1927 turns).

polve the Changer (Merfolk Transmuter)              Turns: 1927, Time: 00:01:36

Health: -3/32      AC:  3    Str: 10    XL:     4   Next: 0%
Magic:  5/7        EV: 13    Int: 13    God:
Gold:   68         SH:  0    Dex: 14    Spells: 4/7 levels left

rFire    . . .     SeeInvis .     - Unarmed
rCold    . . .     Gourm    .   (no shield)
rNeg     . . .     Faith    .   b - +0 robe
rPois    .         Spirit   .   (no helmet)
rElec    .         Reflect  .   (no cloak)
rCorr    .         Harm     .   (no gloves)
MR       .....                  l - +0 pair of boots
Stlth    +.........             (no amulet)
Regen    0.1/turn               (no ring)
MPRegen  0.1/turn               (no ring)

@: appendage (expiring)
A: change form in water, swift swim, stealthy swim, horns 2
a: End Transformation


You were on level 1 of the Dungeon.
You were not hungry.
You had grown temporary horns.
You visited 1 branch of the dungeon, and saw 2 of its levels.

You collected 68 gold pieces.

Inventory:

Missiles
 a - 96 arrows (quivered)
Armour
 b - a +0 robe (worn)
 l - a +0 pair of boots (worn)
Scrolls
 e - 3 scrolls of identify {unknown}
 n - 2 scrolls of remove curse {unknown}
 o - a scroll of teleportation {unknown}
 q - a scroll of fog {unknown}
 r - a scroll of enchant weapon {unknown}
Potions
 i - 2 potions of heal wounds {unknown}
 j - a potion of resistance {unknown}
 k - a potion of brilliance {unknown}
 m - a potion of lignification {unknown}
 p - a potion of might {unknown}
 s - a potion of haste {unknown}
 u - a potion of berserk rage {unknown}
Books
 c - a book of Changes

   Spells                             Type                      Level
   a - Beastly Appendage              Transmutation                1
   b - Sticks to Snakes               Transmutation                2
   c - Spider Form                    Transmutation/Poison         3
   d - Ice Form                       Ice/Transmutation            4
   e - Blade Hands                    Transmutation                5
Comestibles
 d - 2 bread rations
 f - 3 chunks of flesh
 g - a meat ration
 h - 2 fruits
 t - a royal jelly


   Skills:
 - Level 1.1 Fighting
 - Level 2.6 Dodging
 - Level 3.2 Unarmed Combat
 - Level 2.0 Spellcasting
 + Level 5.5 Transmutations


You had 4 spell levels left.
You knew the following spells:

 Your Spells              Type           Power        Failure   Level  Hunger
a - Beastly Appendage     Tmut           ###...       2%          1    ##.....
b - Sticks to Snakes      Tmut           ###.....     4%          2    ###....


Dungeon Overview and Level Annotations

Branches:
Dungeon (2/15)

Altars:


Innate Abilities, Weirdness & Mutations

You revert to your normal form in water.
You are very nimble and swift while swimming.
You are very stealthy in the water. (Stealth+)
You have a pair of horns on your head.


Message History

The gnoll hits you.
* * * LOW HITPOINT WARNING * * *
You hit the gnoll.
The gnoll is heavily wounded.
The gnoll hits you.
* * * LOW HITPOINT WARNING * * *
You hit the gnoll.
The gnoll is heavily wounded.
The gnoll misses you.
You barely miss the gnoll.
The gnoll is heavily wounded.
The gnoll hits you but does no damage.
You hit the gnoll.
The gnoll is severely wounded.
The gnoll hits you.
* * * LOW HITPOINT WARNING * * *
Casting: Beastly Appendage
Confirm with . or Enter, or press ? or * to list all spells.
You create a snake!
You now have 96 arrows.
The gnoll hits you!
You die...

#......#.....#...######
#......#######+##......
######.###.............
######.................
#....#...........####..
#....#......).###......
#....#........###......
#......g.............##
#.....@................
#.....S...####.........
#..(......#............
####......#......###...
#.........#........#...
#......................
#.....[................
#......................
#...........#####.....#


You could see a gnoll and a friendly ball python.

Vanquished Creatures
  2 adders (D:2)
  2 leopard geckos (D:2)
  2 giant cockroaches
  6 goblins
  5 hobgoblins
  A jackal (D:2)
  A quokka (D:2)
  A ball python (D:2)
  2 bats (D:1)
  6 frilled lizards
  3 kobolds
  7 rats
38 creatures vanquished.

Notes
Turn   | Place    | Note
-------+----------+-------------------------------------------
     0 | D:1      | polve the Merfolk Transmuter began the quest for the Orb.
     0 | D:1      | Reached XP level 1. HP: 15/15 MP: 3/3
    30 | D:1      | Reached skill level 3 in Transmutations
   238 | D:1      | Reached XP level 2. HP: 19/21 MP: 5/5
   296 | D:1      | Learned a level 2 spell: Sticks to Snakes
   632 | D:1      | Reached skill level 4 in Transmutations
  1334 | D:2      | Reached XP level 3. HP: 20/26 MP: 4/6
  1392 | D:2      | Reached skill level 5 in Transmutations
  1853 | D:2      | Reached XP level 4. HP: 32/32 MP: 7/7
  1927 | D:1      | Slain by a gnoll

Skill      XL: |  1  2  3 |
---------------+----------+-----
Transmutations | 3 4 5 |  5.5
Fighting       | |  1.1
Dodging        | |  2.6
Unarmed Combat | |  3.2
Spellcasting   | |  2.0

Action                   |  1- 3 |  4- 6 || total
-------------------------+-------+-------++-------
Melee: Unarmed           |   121 |     9 ||   130
       Headbutt          |     9 |     3 ||    12
       Punch             |     1 |       ||     1
 Cast: Beastly Appendage |    15 |     1 ||    16
       Sticks to Snakes  |       |     1 ||     1
  Eat: Chunk             |     3 |     1 ||     4
Armor: Robe              |    19 |     1 ||    20
Dodge: Dodged            |    72 |     2 ||    74
